Description

bug?

replaced with https://lotv.spawningtool.com/build/125063/

this one has a bug where it shows collosus and pheonix built in late game, but none were built. hopefully thats all the errors pulled form the replay. the other one linked above includes scouting actions as well (which im terrible with so good to have them added)

VOD

https://www.youtube.com/watch?v=zrEfUB7XW3g

Replay - B2GM - PvT - Platinum 3 - Game 1

Build Order

Get SALT Encoding   

  12  0:00  Probe  
  13  0:12  Probe  
  14  0:17  Pylon  
  14  0:25  Probe  
  15  0:37  Probe  
  15  0:40  Gateway  
  16  0:46  Assimilator  
  16  0:49  Probe  
  17  1:01  Probe (Chrono Boost)  
  18  1:14  Probe (Chrono Boost)  
  19  1:20  Probe (Chrono Boost)  
  20  1:29  Nexus  
  20  1:33  Probe  
  21  1:41  Cybernetics Core  
  21  1:45  Probe  
  22  1:55  Pylon  
  22  1:56  Assimilator  
  24  2:26  Stalker  
  27  2:31  Warp Gate  
  27  2:34  Pylon  
  34  2:58  Sentry  
  34  3:00  Robotics Facility  
  36  3:06  Gateway  
  39  3:22  Pylon  
  42  3:37  Assimilator x2  
  42  3:38  Stalker  
  45  3:46  Pylon  
  48  3:56  Observer  
  48  3:57  Stalker  
  52  4:08  Stalker  
  60  4:41  Nexus  
  61  4:51  Stalker x2  
  66  4:53  Immortal  
  75  5:19  Assimilator x2  
  78  5:32  Stalker x2  
  84  5:40  Immortal  
  93  5:58  Stalker x2  
  101  6:19  Immortal  
  101  6:23  Nexus  
  108  6:31  Twilight Council  
  109  6:34  Forge x3  
  118  7:01  Immortal  
  125  7:13  Protoss Shields Level 1 (Chrono Boost), Protoss Ground Armor Level 1 (Chrono Boost)  
  125  7:14  Protoss Ground Weapons Level 1 (Chrono Boost)  
  125  7:17  Assimilator x2  
  129  7:27  Templar Archives  
  129  7:35  Robotics Facility x2  
  129  7:43  Gateway x4  
  129  7:49  Gateway x2  
  129  8:04  Gateway x2  
  129  8:12  Nexus  
  129  8:33  Immortal x3  
  145  8:49  High Templar x6  
  157  8:56  Protoss Ground Armor Level 2 (Chrono Boost)  
  157  8:57  Protoss Ground Weapons Level 2 (Chrono Boost)  
  157  9:04  Protoss Shields Level 2 (Chrono Boost)  
  157  9:09  High Templar x4  
  165  9:15  Archon x6  
  171  9:20  Assimilator x2  
  171  9:21  Archon  
  173  9:24  Photon Cannon x3  
  173  9:27  Shield Battery  
  173  9:32  Colossus, Photon Cannon x3, Phoenix  
  173  9:35  Shield Battery x2  
  173  9:40  Photon Cannon x3  
  173  9:44  Shield Battery x2  
  173  9:45  Photon Cannon  
Spawning Tool Build Advisor. Get it on Overwolf

Analysis

<3

Go to:

Details

  • Created by: jack2423
  • Published on: Jul 10, 2020
  • Modified on: Jul 10, 2020
  • Patch: 4.11.0
  • Difficulty: Medium
Show
View Real Time Build Order
Export as new Build Order

Comments (0)

There are no comments. Be the first!

Create an account to comment!